[Event "Titled Tuesday Blitz March 07 Early 2023"]
[White "Fawzy, Adham"]
[Black "Wagner, Dennis"]
[WhiteFideId "10613129"]
[BlackFideId "24650684"]
[WhiteElo "2539"]
[BlackElo "2470"]
[Result "0-1"]
[Round "02"]
[TimeControl "180+2"]
[Date "2023.03.07"]
[WhiteClock "0:00:04"]
[BlackClock "0:01:09"]

1. e4 c5 2. Nf3 Nc6 3. Bb5 e6 4. O-O Nge7 5. d4 cxd4 6. Nxd4 Ng6 7. Be2 Be7 8. c4 O-O 9. Nc3 b6 10. Nb3 Bb7 11. Be3 Rc8 12. Rc1 Nce5 13. Nd2 Bc5 14. Bxc5 bxc5 15. f4 Nc6 16. Bd3 d6 17. g3 Nd4 18. Nf3 Qb6 19. b3 f5 20. Qe1 Rce8 21. Nxd4 cxd4 22. Nb5 fxe4 23. Bxe4 d3+ 24. Rf2 d2 0-1


[Site "https://www.chess.com"]

[Event "Titled Tuesday Blitz March 07 Early 2023"]
[White "Sreyas Payyappat"]
[Black "Nouri, Alekhine"]
[WhiteFideId "46674969"]
[BlackFideId "5216184"]
[WhiteElo "2083"]
[BlackElo "2151"]
[Result "1-0"]
[Round "02"]
[TimeControl "180+2"]
[Date "2023.03.07"]
[WhiteClock "0:00:10"]
[BlackClock "0:00:15"]

1. e4 c5 2. Nf3 d6 3. d4 cxd4 4. Nxd4 Nf6 5. Nc3 a6 6. h4 e5 7. Nb3 Be6 8. f4 Nbd7 9. f5 Bxb3 10. axb3 Rc8 11. Bd3 h5 12. Bg5 Be7 13. Qd2 Qb6 14. O-O-O O-O 15. Kb1 Rfd8 16. g4 hxg4 17. h5 g3 18. h6 Qf2 19. Qc1 g2 20. Rhg1 Qg3 21. hxg7 Nc5 22. Qd2 Nfxe4 23. Nxe4 Nxe4 24. Bxe4 Bxg5 25. Rxg2 Bxd2 26. Rxg3 Bf4 27. Rh1 Bxg3 28. f6 1-0


[Site "https://www.chess.com"]

[Event "Titled Tuesday Blitz March 07 Early 2023"]
[White "Goltsev, Dmitry"]
[Black "Andreev, Konstantin"]
[WhiteFideId "24176710"]
[BlackFideId "24239305"]
[WhiteElo "2336"]
[BlackElo "2106"]
[Result "0-1"]
[Round "02"]
[TimeControl "180+2"]
[Date "2023.03.07"]
[WhiteClock "0:00:16"]
[BlackClock "0:00:11"]

1. e4 c5 2. Nf3 e6 3. d4 cxd4 4. Nxd4 Nc6 5. Nc3 Qc7 6. Be2 Nf6 7. Be3 a6 8. O-O b5 9. a3 Be7 10. f4 d6 11. Bf3 Bb7 12. g4 Nxd4 13. Qxd4 e5 14. fxe5 dxe5 15. Qd2 Rd8 16. Qf2 O-O 17. Rad1 Qc8 18. h3 Qc4 19. Qg2 Bc5 20. Bxc5 Qxc5+ 21. Kh1 Nd7 22. Qd2 Qc8 23. Qd6 Rfe8 24. Bg2 Nc5 25. Qb6 Rxd1 26. Rxd1 Qc6 27. Rd8 Kf8 28. Qa5 Ne6 29. Rxe8+ Kxe8 30. a4 bxa4 31. Qb4 Nd4 32. Nd5 Qd7 33. c4 Ne6 34. Bf3 f6 35. Bd1 Kf7 36. Bxa4 Bc6 37. Bxc6 Qxc6 38. Qe7+ Kg6 39. b3 Nd4 40. Qd8 Kh6 41. h4 Qe6 42. g5+ Kh5 43. Nf4+ exf4 44. Qxd4 f3 45. Qf2 Qh3+ 46. Kg1 Qg4+ 47. Kh2 fxg5 48. e5 Qf4+ 49. Qg3 f2 50. Qxf4 gxf4 51. Kg2 Kg6 52. Kxf2 Kf5 53. Kf3 Kxe5 54. h5 a5 55. Kf2 g6 56. hxg6 hxg6 57. Ke2 g5 58. Kf3 Kf5 59. Kf2 g4 60. Kg2 Ke4 61. Kf2 f3 62. Kf1 g3 63. Kg1 Kd4 64. Kf1 Kc5 65. Kg1 a4 66. bxa4 Kxc4 67. a5 Kb5 68. a6 Kxa6 69. Kh1 Kb5 70. Kg1 Kc4 71. Kh1 Kd3 72. Kg1 Ke3 73. Kh1 f2 74. Kg2 Ke2 75. Kh3 f1=Q+ 76. Kh4 g2 77. Kh5 g1=Q 78. Kh4 Qf4+ 79. Kh3 Qfh2# 0-1


[Site "https://www.chess.com"]

[Event "Titled Tuesday Blitz March 07 Early 2023"]
[White "Msellek, Ilyass"]
[Black "Matutururu, Maxman"]
[WhiteFideId "675938"]
[BlackFideId "11004487"]
[WhiteElo "2287"]
[BlackElo "2412"]
[Result "1-0"]
[Round "02"]
[TimeControl "180+2"]
[Date "2023.03.07"]
[WhiteClock "0:00:12"]
[BlackClock "0:00:04"]

1. d4 Nf6 2. Nf3 d5 3. Bg5 e6 4. e3 Be7 5. Nbd2 Nbd7 6. Bd3 h6 7. Bh4 O-O 8. c3 b6 9. O-O Bb7 10. Ne5 Nxe5 11. dxe5 Nd7 12. Bxe7 Qxe7 13. f4 c5 14. a4 a6 15. Qe2 f6 16. Nf3 f5 17. c4 dxc4 18. Bxc4 Rfd8 19. Rfd1 Nf8 20. Rxd8 Qxd8 21. Rd1 Qc7 22. Rd6 Rd8 23. Rxd8 Qxd8 24. Bxa6 Bxa6 25. Qxa6 Qd1+ 26. Kf2 Qc2+ 27. Kg3 Qxb2 28. Qc4 Qb4 29. Qa2 c4 30. Nd4 Qc3 31. Kf3 Qd3 32. h3 Nd7 33. a5 bxa5 34. Qxa5 c3 35. Qd8+ Nf8 36. Qc8 Qf1+ 37. Kg3 Qd3 38. Nxe6 Qxe3+ 39. Kh2 c2 40. Qxf8+ Kh7 41. Qxf5+ 1-0


[Site "https://www.chess.com"]

[Event "Titled Tuesday Blitz March 07 Early 2023"]
[White "Slade, Theodore"]
[Black "Kucuksari, Kaan"]
[WhiteFideId "426547"]
[BlackFideId "6380166"]
[WhiteElo "1964"]
[BlackElo "2364"]
[Result "1/2-1/2"]
[Round "02"]
[TimeControl "180+2"]
[Date "2023.03.07"]
[WhiteClock "0:00:15"]
[BlackClock "0:00:09"]

1. d4 f5 2. g3 Nf6 3. Bg2 e6 4. Nf3 Be7 5. O-O O-O 6. c4 d6 7. Nc3 Ne4 8. Nxe4 fxe4 9. Nd2 d5 10. f3 exf3 11. Nxf3 Nc6 12. Bf4 Bf6 13. c5 Nxd4 14. Nxd4 e5 15. Be3 exd4 16. Bxd4 c6 17. e4 Be6 18. exd5 Bxd5 19. Bxf6 Bxg2 20. Kxg2 Rxf6 21. Qb3+ Kh8 22. Rxf6 Qxf6 23. Rf1 Qe7 24. Qf7 Qxc5 25. Qxb7 Re8 26. Qf7 Rb8 27. b3 h6 28. Rf2 Rd8 29. Qf3 a5 30. Qe4 Qc3 31. Qe7 Qd4 32. Rf8+ Rxf8 33. Qxf8+ Kh7 34. Qf5+ Kh8 35. Qc8+ Kh7 36. Qxc6 Qb2+ 37. Kh3 Qxa2 38. Qe4+ Kh8 39. Qe8+ Kh7 40. Qe4+ Kh8 41. Qe8+ Kh7 42. Qe4+ 1/2-1/2


[Site "https://www.chess.com"]

[Event "Titled Tuesday Blitz March 07 Early 2023"]
[White "Miszler, Levente"]
[Black "De Silva, L M S T"]
[WhiteFideId "763276"]
[BlackFideId "9953698"]
[WhiteElo "2176"]
[BlackElo "2403"]
[Result "1-0"]
[Round "02"]
[TimeControl "180+2"]
[Date "2023.03.07"]
[WhiteClock "0:00:05"]
[BlackClock "0:00:01"]

1. Nf3 Nf6 2. c4 b6 3. g3 Bb7 4. Bg2 e6 5. O-O g6 6. Nc3 Bg7 7. d4 Ne4 8. Qc2 Nxc3 9. Qxc3 O-O 10. Be3 d6 11. Qd2 Nd7 12. Bh6 Qe7 13. Bxg7 Kxg7 14. Qc3 Nf6 15. Nd2 Bxg2 16. Kxg2 c5 17. Rfd1 cxd4 18. Qxd4 e5 19. Qd3 Rfd8 20. Ne4 Nh5 21. Nxd6 Kf8 22. Qa3 Kg8 23. Rd5 Qe6 24. Rad1 Qg4 25. f3 Qg5 26. Ne4 Rxd5 27. Nxg5 Rxd1 28. Qe7 Rf8 29. Qxe5 Rdd8 30. Ne4 Rde8 31. Qd4 f5 32. Qd5+ Kg7 33. Nc3 Nf6 34. Qd4 Kg8 35. e4 fxe4 36. fxe4 Ng4 37. Qd5+ Kh8 38. Qd4+ Kg8 39. h3 Ne5 40. g4 Nc6 41. Qd5+ Kg7 42. Qxc6 Rd8 43. Nd5 Rf7 44. Qe6 Rdf8 45. Kg3 g5 46. Qe5+ Kh6 47. Qd4 Rf3+ 48. Kg2 Rf1 49. Ne7 R8f3 50. Nf5+ Rxf5 51. exf5 Rxf5 52. gxf5 1-0


[Site "https://www.chess.com"]

[Event "Titled Tuesday Blitz March 07 Early 2023"]
[White "Korchmar, Vasiliy"]
[Black "Andrews, Todd"]
[WhiteFideId "24131750"]
[BlackFideId "2012456"]
[WhiteElo "2370"]
[BlackElo "2395"]
[Result "1-0"]
[Round "02"]
[TimeControl "180+2"]
[Date "2023.03.07"]
[WhiteClock "0:00:10"]
[BlackClock "0:00:12"]

1. e4 e6 2. d4 d5 3. e5 c5 4. c3 Nc6 5. Nf3 Bd7 6. Be2 Nge7 7. Na3 cxd4 8. cxd4 Nf5 9. Nc2 Rc8 10. O-O Nb4 11. Nxb4 Bxb4 12. Bd3 Nh4 13. Nxh4 Qxh4 14. Qb3 a5 15. Be3 O-O 16. a3 Be7 17. Qxb7 Bc6 18. Qa6 f6 19. Rac1 Bd7 20. exf6 Bxf6 21. Qxa5 Bxd4 22. Qb4 Rxc1 23. Rxc1 e5 24. Bxd4 exd4 25. Qd2 Bg4 26. b4 h5 27. b5 Qf6 28. a4 h4 29. h3 Bd7 30. Bf1 Qe5 31. a5 Rf5 32. a6 Qf6 33. a7 Rg5 34. a8=Q+ Kh7 35. Bd3+ Bf5 36. Bxf5+ Qxf5 37. Qxg5 Qxg5 38. Qc6 d3 39. Qc3 d2 40. Rd1 d4 41. Qxd2 Qxb5 42. Qd3+ Qxd3 43. Rxd3 Kg6 44. Rxd4 Kf5 45. Kf1 g5 46. Ra4 Ke5 47. Ke2 Kf5 48. Kf3 1-0


[Site "https://www.chess.com"]

[Event "Titled Tuesday Blitz March 07 Early 2023"]
[White "Topalov, Aleksandar"]
[Black "Weetik, Vjacheslav"]
[WhiteFideId "925659"]
[BlackFideId "4153472"]
[WhiteElo "2151"]
[BlackElo "2469"]
[Result "0-1"]
[Round "02"]
[TimeControl "180+2"]
[Date "2023.03.07"]
[WhiteClock "0:02:11"]
[BlackClock "0:00:42"]

1. b3 d5 2. Bb2 Bg4 3. f3 Bh5 4. e4 dxe4 5. Qe2 c6 6. Nc3 Nf6 7. Nxe4 Nxe4 8. Qxe4 Bg6 9. Qe2 c5 10. O-O-O Nc6 11. Kb1 Nb4 12. Qb5+ Qd7 13. Qxd7+ Kxd7 14. d3 Rd8 15. h4 f6 16. g4 e5 17. Bh3 Kc7 18. Ne2 Be7 19. f4 Nxd3 20. f5 Nf2 21. fxg6 Rxd1+ 0-1


[Site "https://www.chess.com"]

[Event "Titled Tuesday Blitz March 07 Early 2023"]
[White "Aldokhin, Ivan"]
[Black "Garic, Radomir"]
[WhiteFideId "24115720"]
[BlackFideId "920959"]
[WhiteElo "2322"]
[BlackElo "2204"]
[Result "1-0"]
[Round "02"]
[TimeControl "180+2"]
[Date "2023.03.07"]
[WhiteClock "0:00:04"]
[BlackClock "0:00:05"]

1. e4 Nc6 2. Nf3 d6 3. Nc3 Nf6 4. d4 g6 5. h3 Bg7 6. Bg5 h6 7. Be3 O-O 8. Qd2 Kh7 9. d5 Ne5 10. Nxe5 dxe5 11. O-O-O a6 12. g4 b5 13. f3 Bd7 14. h4 Ng8 15. g5 h5 16. Bg2 Qb8 17. Kb1 b4 18. Ne2 a5 19. Nc1 Rd8 20. Nd3 e6 21. Nc5 exd5 22. Qxd5 Be8 23. Qc4 Ne7 24. Bh3 Nc6 25. Nd7 Qb7 26. Nf6+ Bxf6 27. gxf6 Nd4 28. Bxd4 exd4 29. Rxd4 Qb5 30. Qxb5 Bxb5 31. Rhd1 Re8 32. R1d2 Ra6 33. Rd5 Bc4 34. Rc5 Be6 35. Bf1 Ra7 36. Bd3 Bc8 37. f4 Be6 38. Rg5 Kh6 39. e5 Rd8 40. Rdg2 Rxd3 41. cxd3 c5 42. Rc2 Rd7 43. Rg3 Bf5 44. Rxc5 Bxd3+ 45. Kc1 a4 46. a3 bxa3 47. bxa3 Bf5 48. Ra5 Rc7+ 49. Kd2 Rd7+ 50. Ke1 Rc7 51. Rxa4 Rc2 52. Ra8 Be6 53. Rh8# 1-0


[Site "https://www.chess.com"]

[Event "Titled Tuesday Blitz March 07 Early 2023"]
[White "Logozar, Elijah"]
[Black "Kowalczyk, Pawel"]
[WhiteFideId "30963788"]
[BlackFideId "1130641"]
[WhiteElo "2372"]
[BlackElo "2324"]
[Result "0-1"]
[Round "02"]
[TimeControl "180+2"]
[Date "2023.03.07"]
[WhiteClock "0:02:22"]
[BlackClock "0:02:38"]

1. e4 c5 2. Nf3 e6 3. d4 cxd4 4. Nxd4 Qb6 5. Nc3 Bc5 6. Na4 Qa5+ 7. c3 Bxd4 8. Qxd4 Nf6 9. e5 Nc6 10. Qh4 Qxe5+ 11. Be2 b5 12. f4 Qf5 13. g4 Qd5 14. Rf1 bxa4 15. Be3 Rb8 16. Rd1 Qxa2 17. g5 Rxb2 18. Bd3 Nd5 19. Bd4 0-1


[Site "https://www.chess.com"]

[Event "Titled Tuesday Blitz March 07 Early 2023"]
[White "Kirillov, Dmitry"]
[Black "Matinian, Nikita"]
[WhiteFideId "34180572"]
[BlackFideId "24129100"]
[WhiteElo "2111"]
[BlackElo "2422"]
[Result "0-1"]
[Round "02"]
[TimeControl "180+2"]
[Date "2023.03.07"]
[WhiteClock "0:00:02"]
[BlackClock "0:00:40"]

1. e4 c5 2. Nf3 e6 3. d4 cxd4 4. Nxd4 Nc6 5. Nc3 Qc7 6. Be3 a6 7. Qf3 h5 8. Qg3 d6 9. h4 Nf6 10. O-O-O Ng4 11. Nxc6 Nxe3 12. Qxe3 Qxc6 13. Kb1 Be7 14. Be2 b5 15. Rhe1 Bb7 16. g3 b4 17. Nd5 exd5 18. exd5 Qc7 19. Bf3 Kf8 20. Rd4 a5 21. Re4 Re8 22. Rf4 Rh6 23. Bg2 Qc5 24. Qd3 Bf6 25. Rxe8+ Kxe8 26. Re4+ Kf8 27. Qe2 Qc8 28. Bh3 Qd8 29. c4 bxc3 30. bxc3 Bxd5 31. Rf4 Be5 32. Ra4 Qb6+ 33. Kc1 Qc6 34. Ra3 Bxc3 35. Qc2 Bb4 36. Qxc6 Bxa3+ 0-1


[Site "https://www.chess.com"]

[Event "Titled Tuesday Blitz March 07 Early 2023"]
[White "Solovchuk, Oleksiy"]
[Black "Melikhov, Evgeny V."]
[WhiteFideId "14115220"]
[BlackFideId "4122046"]
[WhiteElo "2291"]
[BlackElo "2158"]
[Result "1-0"]
[Round "02"]
[TimeControl "180+2"]
[Date "2023.03.07"]
[WhiteClock "0:00:12"]
[BlackClock "0:00:02"]

1. c4 e5 2. Nc3 d6 3. g3 f5 4. d3 Nf6 5. Bg2 Be7 6. e4 O-O 7. Nge2 c6 8. O-O a5 9. exf5 Bxf5 10. d4 e4 11. d5 c5 12. Qc2 Na6 13. Nxe4 Nb4 14. Qb1 Qd7 15. a3 Na6 16. N2c3 Bh3 17. f3 Bxg2 18. Kxg2 Nc7 19. Qd3 Qf5 20. Bd2 b5 21. Nxf6+ Rxf6 22. Qxf5 Rxf5 23. g4 Rf7 24. cxb5 Bf6 25. a4 Bxc3 26. bxc3 Nxd5 27. Kg3 Nb6 28. Rfe1 Kf8 29. Bf4 Rd7 30. Re6 Rad8 31. Rd1 Nc4 32. Bg5 Re8 33. Rxe8+ Kxe8 34. Kf4 Kf7 35. Ke4 Nb6 36. Bf4 d5+ 37. Ke5 Nc4+ 38. Kf5 g6+ 39. Kg5 Nb6 40. Ra1 d4 41. cxd4 cxd4 42. Kh6 Ke6 43. Bd2 Nc4 44. Re1+ Kd5 45. Bf4 d3 46. b6 Nxb6 47. Re5+ Kd4 48. Rxa5 Nc4 49. Ra8 d2 50. Bxd2 Nxd2 51. a5 Nc4 52. f4 Rd5 53. Re8 Rxa5 54. Kxh7 Nd6 55. Rd8 Kd5 56. Kxg6 Ke6 57. f5+ Ke7 58. Rb8 Ra6 59. f6+ Kd7 60. g5 Ne8 61. h4 Nc7 62. Rb1 Ra4 63. Rd1+ Ke8 64. Re1+ Kf8 65. h5 Ne8 66. Rb1 Ra7 67. Rb8 Rc7 68. h6 Rb7 69. Rxb7 Kg8 70. Rb8 Kf8 71. Rc8 1-0


[Site "https://www.chess.com"]

[Event "Titled Tuesday Blitz March 07 Early 2023"]
[White "Szente Varga, Fruzsina"]
[Black "Csonka, Balazs"]
[WhiteFideId "712264"]
[BlackFideId "742910"]
[WhiteElo "1994"]
[BlackElo "2404"]
[Result "0-1"]
[Round "02"]
[TimeControl "180+2"]
[Date "2023.03.07"]
[WhiteClock "0:00:17"]
[BlackClock "0:00:09"]

1. e4 c5 2. Nf3 d6 3. d4 cxd4 4. Qxd4 Nf6 5. Bb5+ Bd7 6. Bxd7+ Qxd7 7. c4 Nc6 8. Qd3 Qg4 9. Nc3 Qxg2 10. Rg1 Ne5 11. Rxg2 Nxd3+ 12. Ke2 Nc5 13. Nd2 g6 14. Nb5 Ne6 15. Rg3 a6 16. Ra3 Bh6 17. Nc3 Nd4+ 18. Kd1 O-O 19. Nf1 Bxc1 20. Rxc1 Ng4 21. Ke1 e6 22. h3 Ne5 23. Ne3 Nd3+ 24. Kd2 Nxc1 25. Kxc1 Rac8 26. Kd2 Rfd8 27. Kd3 Nc6 28. Rb3 Ne5+ 29. Kd4 Nf3+ 30. Kd3 Ne5+ 31. Kd4 Nf3+ 32. Kd3 Rd7 33. Rb6 Kf8 34. b3 Ke7 35. Ng4 Ne5+ 36. Nxe5 dxe5+ 37. Ke3 Kd8 38. f4 Kc7 39. Rb4 Rcd8 40. fxe5 Rd3+ 41. Kf4 Rxc3 42. Kg5 Rxh3 43. Kf6 Rf3+ 44. Ke7 Rd7+ 45. Ke8 g5 46. c5 g4 47. Rc4 g3 48. Rc1 g2 49. Rg1 Rd2 0-1


[Site "https://www.chess.com"]

[Event "Titled Tuesday Blitz March 07 Early 2023"]
[White "Martynov, Pavel"]
[Black "Lauridsen, Jesper Morch"]
[WhiteFideId "4101260"]
[BlackFideId "1401890"]
[WhiteElo "2314"]
[BlackElo "2302"]
[Result "1-0"]
[Round "02"]
[TimeControl "180+2"]
[Date "2023.03.07"]
[WhiteClock "0:01:58"]
[BlackClock "0:00:54"]

1. e4 c5 2. Nf3 e6 3. Nc3 Nc6 4. Bb5 Nge7 5. O-O a6 6. Bxc6 Nxc6 7. d4 cxd4 8. Nxd4 Be7 9. a4 b6 10. Be3 Bb7 11. f4 Bc5 12. Kh1 Nxd4 13. Bxd4 Bxd4 14. Qxd4 O-O 15. Rad1 Bc6 16. f5 Qf6 17. e5 Qg5 18. Ne4 Bxe4 19. Qxe4 exf5 20. Rxf5 Qg6 21. h4 Rad8 22. Rd6 Qg3 23. Rf3 1-0


[Site "https://www.chess.com"]

[Event "Titled Tuesday Blitz March 07 Early 2023"]
[White "Smith, Garrett L"]
[Black "Skliarov, Viktor"]
[WhiteFideId "2024829"]
[BlackFideId "14106736"]
[WhiteElo "2273"]
[BlackElo "2289"]
[Result "0-1"]
[Round "02"]
[TimeControl "180+2"]
[Date "2023.03.07"]
[WhiteClock "0:00:22"]
[BlackClock "0:00:15"]

1. e4 c5 2. a3 b6 3. b4 Bb7 4. Nc3 Nc6 5. bxc5 bxc5 6. Rb1 Rb8 7. Nf3 g6 8. Bc4 Bg7 9. O-O Nf6 10. Re1 O-O 11. d3 Ng4 12. Bd2 d6 13. h3 Nge5 14. Nxe5 Nxe5 15. Bd5 Bxd5 16. Rxb8 Qxb8 17. Nxd5 e6 18. Ne3 Qb5 19. f4 Nc6 20. Nc4 d5 21. exd5 exd5 22. Ne3 Rd8 23. f5 c4 24. Rf1 cxd3 25. f6 Bf8 26. cxd3 Qxd3 27. Ng4 Nd4 28. Bh6 Ne2+ 29. Kh2 Bd6+ 30. Kh1 Ng3+ 31. Kg1 Qxf1+ 32. Qxf1 Nxf1 0-1


[Site "https://www.chess.com"]

[Event "Titled Tuesday Blitz March 07 Early 2023"]
[White "Martinez Ramirez, Lennis"]
[Black "Zaichenko, Daria"]
[WhiteFideId "3509079"]
[BlackFideId "4197453"]
[WhiteElo "2439"]
[BlackElo "2039"]
[Result "1-0"]
[Round "02"]
[TimeControl "180+2"]
[Date "2023.03.07"]
[WhiteClock "0:00:19"]
[BlackClock "0:00:04"]

1. c4 e6 2. g3 d5 3. Bg2 Nf6 4. Nf3 Be7 5. O-O O-O 6. b3 dxc4 7. bxc4 c5 8. Nc3 Nc6 9. Rb1 Nd4 10. Ne5 Bd6 11. f4 Bxe5 12. fxe5 Nd7 13. e3 Nf5 14. d4 cxd4 15. exd4 Nb6 16. c5 Nc4 17. Rf4 Nce3 18. Bxe3 Nxe3 19. Qh5 Nxg2 20. Kxg2 Bd7 21. Rh4 h6 22. Rg4 Bc6+ 23. Kh3 Bf3 24. Rxg7+ Kxg7 25. Qxf3 Qxd4 26. Re1 f5 27. exf6+ Qxf6 28. Qxb7+ Kh8 29. Ne4 Qf5+ 30. g4 Qf3+ 31. Kh4 Rg8 32. h3 Qg2 33. Qb3 e5 34. Qe6 Rg7 35. Qxe5 Rg8 36. Rd1 Qf3 37. Rd6 Qe3 38. c6 Rf8 39. c7 Qe1+ 40. Kh5 Rf7 41. Rxh6+ Kg8 42. c8=Q+ Rf8 43. Rh8+ Kxh8 44. Qxf8+ Kh7 45. Qfxg7# 1-0


[Site "https://www.chess.com"]

[Event "Titled Tuesday Blitz March 07 Early 2023"]
[White "Tsotsonava, Elene"]
[Black "Oro, Faustino"]
[WhiteFideId "13615939"]
[BlackFideId "20000197"]
[WhiteElo "1829"]
[BlackElo "1984"]
[Result "1-0"]
[Round "02"]
[TimeControl "180+2"]
[Date "2023.03.07"]
[WhiteClock "0:00:13"]
[BlackClock "0:00:05"]

1. Nf3 Nf6 2. e3 g6 3. c4 Bg7 4. Nc3 O-O 5. d4 d6 6. Be2 Nbd7 7. O-O e5 8. b4 c6 9. Bb2 e4 10. Nd2 d5 11. Qb3 Nb6 12. a4 dxc4 13. Qc2 Nfd5 14. Ba3 Nxc3 15. Qxc3 Nxa4 16. Qxc4 Nb6 17. Qc2 Re8 18. Nxe4 Bf5 19. Bd3 Nd5 20. Nc5 Bxd3 21. Qxd3 Qb6 22. Rab1 Nc7 23. Nd7 Qb5 24. Qb3 Nd5 25. Rfc1 Rad8 26. Rc5 Qe2 27. Ne5 f6 28. Nf3 Kh8 29. b5 Bf8 30. Rc2 Qxb5 31. Qxb5 cxb5 32. Bxf8 Rxf8 33. Rxb5 Nb6 34. Kf1 Rc8 35. Rcc5 Kg7 36. Ke2 Rfd8 37. Nd2 Rd7 38. Ne4 Rxc5 39. dxc5 Nd5 40. Ra5 a6 41. c6 bxc6 42. Rxa6 Rc7 43. Nc5 Kf7 44. e4 Nc3+ 45. Kd3 Nb5 46. f3 Ke7 47. Nb3 Rd7+ 48. Kc4 Nd6+ 49. Kb4 Nf7 50. Rxc6 Ne5 51. Rc2 Nd3+ 52. Kc3 Ne1 53. Re2 Rd1 54. Nd2 Rc1+ 55. Kb2 Nd3+ 56. Kb3 Rg1 57. Kc3 Nf4 58. Rf2 Nxg2 59. Kd3 Nf4+ 60. Ke3 g5 61. Rf1 Rg2 62. Rf2 Rxf2 63. Kxf2 Ke6 64. Ke3 h5 65. Nb3 Ng6 66. Nd4+ Kf7 67. Nf5 Nf4 68. Ng3 Kg6 69. Nf5 Ne6 70. Ne7+ Kf7 71. Nf5 h4 72. Nd6+ Kg6 73. Nf5 Nc7 74. Ne7+ Kf7 75. Nd5 Ne6 76. f4 g4 77. f5 Ng5 78. Nf4 g3 79. hxg3 h3 80. Kf2 Nxe4+ 81. Kf3 Ng5+ 82. Kf2 Ke7 83. Kg1 Kd6 84. Kh2 Ke5 85. Nxh3 Nf3+ 86. Kg2 Ne1+ 87. Kf2 Nd3+ 88. Ke3 Ne1 89. g4 Ng2+ 90. Kf2 Nf4 91. Ng1 Nd3+ 92. Ke3 Nc5 93. Nf3+ Kd5 94. Nh4 Ne4 95. Ng6 Ng5 96. Kf4 Kd4 97. Ne7 Nh3+ 98. Kg3 Ng5 99. Kf4 Nh3+ 100. Kg3 Ng5 101. Nc6+ Ke4 102. Nd8 Ke3 103. Ne6 Ne4+ 104. Kh4 Kf3 105. Kh5 Kg3 106. g5 fxg5 107. Nxg5 Nd6 108. f6 Kf4 109. Kg6 Ke5 110. Nf7+ 1-0


[Site "https://www.chess.com"]

[Event "Titled Tuesday Blitz March 07 Early 2023"]
[White "Chabris, Christopher"]
[Black "Starozhilov, Leonid"]
[WhiteFideId "2005263"]
[BlackFideId "14106752"]
[WhiteElo "2224"]
[BlackElo "2402"]
[Result "0-1"]
[Round "02"]
[TimeControl "180+2"]
[Date "2023.03.07"]
[WhiteClock "0:00:01"]
[BlackClock "0:01:11"]

1. e4 g6 2. d4 Bg7 3. Nc3 d6 4. Be3 a6 5. a4 Nc6 6. h4 h5 7. Nh3 Bxh3 8. Rxh3 Nf6 9. f3 e5 10. d5 Nd4 11. Ne2 Nxe2 12. Bxe2 c6 13. c4 c5 14. a5 Rb8 15. Qd3 b6 16. b4 cxb4 17. axb6 Rxb6 18. c5 dxc5 19. Bxc5 Rb5 20. Qxb5+ axb5 21. Bxb5+ Nd7 22. Ra7 Bf8 23. Bxf8 Kxf8 24. Rxd7 Qb6 25. Bc6 Qe3+ 26. Kf1 b3 0-1


[Site "https://www.chess.com"]

[Event "Titled Tuesday Blitz March 07 Early 2023"]
[White "Khripachenko, Alexander"]
[Black "Kho, Darrell"]
[WhiteFideId "54184975"]
[BlackFideId "1019317"]
[WhiteElo "2384"]
[BlackElo "2172"]
[Result "1-0"]
[Round "02"]
[TimeControl "180+2"]
[Date "2023.03.07"]
[WhiteClock "0:01:37"]
[BlackClock "0:00:44"]

1. d4 d5 2. c4 dxc4 3. e4 b5 4. a4 c6 5. axb5 cxb5 6. b3 e5 7. bxc4 bxc4 8. Bxc4 Bb4+ 9. Kf1 Qxd4 10. Qxd4 exd4 11. Bd5 a5 12. Bxa8 Ba6+ 13. Ne2 d3 14. Bd2 dxe2+ 15. Ke1 Nf6 16. Nc3 O-O 17. Nxe2 Bxd2+ 18. Kxd2 Nxe4+ 19. Bxe4 Bxe2 20. Kxe2 Re8 21. Kd3 1-0


[Site "https://www.chess.com"]

[Event "Titled Tuesday Blitz March 07 Early 2023"]
[White "lisjakzlatko1"]
[Black "Riff, Vincent"]
[BlackFideId "617776"]
[WhiteElo "2169"]
[BlackElo "2369"]
[Result "0-1"]
[Round "02"]
[TimeControl "180+2"]
[Date "2023.03.07"]
[WhiteClock "0:00:02"]
[BlackClock "0:00:58"]

1. d4 Nf6 2. Nc3 d5 3. Bf4 c6 4. e3 Qb6 5. a3 Bf5 6. Bd3 Bg6 7. Nge2 Nbd7 8. f3 a6 9. Qd2 Nh5 10. Bg5 e5 11. O-O-O Bd6 12. g4 Nhf6 13. h4 O-O-O 14. h5 Bxd3 15. Qxd3 h6 16. Bh4 Rde8 17. Ng3 e4 18. fxe4 Bxg3 19. Bxg3 Nxe4 20. Nxe4 Rxe4 21. Bf4 Rhe8 22. g5 hxg5 23. Bxg5 f6 24. Bf4 Nf8 25. Rh3 Ne6 26. Bh2 Ng5 27. Rg3 Qd8 28. Kb1 Qd7 29. c4 Rh4 30. Rg2 dxc4 31. Qxc4 Qf5+ 32. Ka1 Qf3 33. Rc1 Qxg2 34. Bf4 Rh1 35. Rxh1 Qxh1+ 36. Ka2 Qd5 37. Qb3 Qxb3+ 38. Kxb3 Nh3 39. h6 Nxf4 40. exf4 gxh6 0-1


[Site "https://www.chess.com"]

[Event "Titled Tuesday Blitz March 07 Early 2023"]
[White "Samarth, J Rao"]
[Black "McCoy, Owen"]
[WhiteFideId "46652370"]
[BlackFideId "30924502"]
[WhiteElo "1564"]
[BlackElo "2653"]
[Result "1-0"]
[Round "02"]
[TimeControl "180+2"]
[Date "2023.03.07"]
[WhiteClock "0:00:04"]
[BlackClock "0:00:03"]

1. c4 Nf6 2. Nc3 e5 3. Nf3 Nc6 4. e3 Bb4 5. Qc2 d6 6. Ne2 a5 7. a3 Bc5 8. b3 Qe7 9. Bb2 Bg4 10. Ng3 h5 11. h3 Be6 12. Ng5 Bd7 13. Bd3 Bb6 14. O-O-O h4 15. Nf5 Qf8 16. f4 g6 17. fxe5 dxe5 18. Rhf1 gxf5 19. Bxf5 O-O-O 20. Bxd7+ Nxd7 21. Nxf7 Qg8 22. Nxh8 Qxh8 23. Qf5 Kb8 24. Kb1 Nc5 25. Ka2 Qg8 26. d4 exd4 27. exd4 Na6 28. d5 Na7 29. Qg4 Qe8 30. Rde1 Qg8 31. Qxh4 a4 32. b4 Nc8 33. Re6 Re8 34. Rfe1 Rxe6 35. dxe6 Nd6 36. e7 Nxc4 37. e8=Q+ Qxe8 38. Rxe8+ Ka7 39. Qxc4 c6 40. Bd4 Nc7 41. Bxb6+ Kxb6 42. Qc5+ 1-0


[Site "https://www.chess.com"]

[Event "Titled Tuesday Blitz March 07 Early 2023"]
[White "Kozak, Antoni"]
[Black "Michalski, Olaf"]
[WhiteFideId "21832030"]
[BlackFideId "1106740"]
[WhiteElo "2470"]
[BlackElo "2173"]
[Result "1-0"]
[Round "02"]
[TimeControl "180+2"]
[Date "2023.03.07"]
[WhiteClock "0:02:31"]
[BlackClock "0:00:15"]

1. e4 c5 2. Nc3 a6 3. Nf3 b5 4. g3 Bb7 5. d3 e6 6. Bg2 g6 7. Be3 Qc7 8. O-O Bg7 9. d4 b4 10. Na4 Bxe4 11. dxc5 Nc6 12. Nb6 Rd8 13. Nc4 Bd5 14. Nd6+ Ke7 15. Ng5 Bxg2 16. Kxg2 f6 17. Ngf7 Nh6 18. Bxh6 Bxh6 19. Nxh6 1-0


[Site "https://www.chess.com"]

[Event "Titled Tuesday Blitz March 07 Early 2023"]
[White "Prokofiev, Valentyn"]
[Black "Gurevich, Ilya"]
[WhiteFideId "14160161"]
[BlackFideId "2000628"]
[WhiteElo "2260"]
[BlackElo "2140"]
[Result "1-0"]
[Round "02"]
[TimeControl "180+2"]
[Date "2023.03.07"]
[WhiteClock "0:01:21"]
[BlackClock "0:00:02"]

1. c4 Nf6 2. Nc3 d6 3. e4 g6 4. d4 Bg7 5. Nf3 O-O 6. Be2 c5 7. O-O cxd4 8. Nxd4 Nc6 9. Be3 Bd7 10. h3 Nxd4 11. Bxd4 Bc6 12. Qc2 a5 13. Rad1 Nd7 14. Bxg7 Kxg7 15. Bg4 Ne5 16. c5 Nxg4 17. hxg4 Qc8 18. cxd6 Qxg4 19. dxe7 Rfe8 20. Nd5 Bxd5 21. Qc3+ Kg8 22. exd5 Rxe7 23. d6 Rd7 24. Rfe1 Rad8 25. Rd4 Qf5 26. Rde4 Rf8 27. Re8 Rd8 28. Rxf8+ Rxf8 29. Qc7 Qd3 30. Qe7 h5 31. d7 h4 32. Qxf8+ Kxf8 33. Re8+ Kg7 34. d8=Q Qb1+ 35. Kh2 1-0


[Site "https://www.chess.com"]